 Dungeon Crawl Stone Soup version 0.31-a0-1529-g7bd419a0e5 (webtiles) character file.

Game seed: 13095982301307327987

258386 grandjackal the Slayer (level 19, -5/182 HPs)
             Began as a Demonspawn Gladiator on Jan 1, 2024.
             Was the Champion of Trog.
             Killed from afar by a deep elf knight (40 damage)
             ... with a shard of ice
             ... on level 2 of the Elven Halls.
             The game lasted 01:00:02 (35217 turns).

grandjackal the Slayer (Demonspawn Gladiator)      Turns: 35217, Time: 01:00:03

Health: -5/182     AC: 28    Str: 21    XL:     19   Next: 12%
Magic:  19/19      EV: 16    Int:  9    God:    Trog [******]
Gold:   2110       SH:  0    Dex: 17    Spells: 18/18 levels left

rFire   + . .        z - +8 executioner's axe (elec)
rCold   . . .        (shield currently unavailable)
rNeg    + . .        C - +8 plate armour "Utarhaeq" {Int-4 Dex+5}
rPois   +            (helmet unavailable)
rElec   .            T - +1 cloak {rPois}
rCorr   .            u - +2 pair of gloves
SInv    .            F - +2 pair of boots "Fueshrag" {Int+4}
Will    +....        H - amulet "Hidashroe" {RegenMP ^Fragile rPois Regen+ Dex-4} Stlth
                     j - ring of positive energy
HPRegen 1.30/turn    W - ring of protection from fire
MPRegen 0.56/turn

%: repel missiles
@: slowed, very slow
A: horns 3, repulsion field 3, demonic guardian 3, ignite blood 2, bedeviling
}: 2/15 runes: decaying, serpentine
a: Renounce Religion, Berserk, Trog's Hand, Brothers in Arms


You were on level 2 of the Elven Halls.
You worshipped Trog.
Trog was exalted by your worship.
You visited 7 branches of the dungeon, and saw 33 of its levels.
You also visited: Ossuary and Gauntlet.

You collected 3736 gold pieces.
You spent 1626 gold pieces at shops.

Inventory:

Hand Weapons
 z - a +8 executioner's axe of electrocution (weapon)
 V - the +9 orcbow of Ragnarok {heavy, Str+3 Dex+4}
   (You found it in a Gauntlet)

   Str+3:     It affects your strength (+3).
   Dex+4:     It affects your dexterity (+4).
Missiles
 d - 6 throwing nets (quivered)
 e - 17 javelins
 U - 4 silver javelins
Armour
 u - a +2 pair of gloves (worn)
 C - the +8 plate armour "Utarhaeq" (worn) {Int-4 Dex+5}
   (You found it on level 6 of the Dungeon)

   Int-4:     It affects your intelligence (-4).
   Dex+5:     It affects your dexterity (+5).
 F - the +2 pair of boots "Fueshrag" (worn) {Int+4}
   (You bought it in a shop on level 1 of the Snake Pit)

   Int+4:     It affects your intelligence (+4).
 T - a +1 cloak of poison resistance (worn)
Jewellery
 b - a ring of ice
 j - a ring of positive energy (left hand)
 o - a ring of fire
 s - a +6 ring of dexterity
 H - the amulet "Hidashroe" (around neck) {RegenMP ^Fragile rPois Regen+ Dex-4}
   (You bought it in a shop on level 1 of the Dungeon)

   [amulet of magic regeneration]

   RegenMP:   It increases your rate of magic regeneration.
   Dex-4:     It affects your dexterity (-4).
   rPois:     It protects you from poison Regen+: It increases your rate of
   health regeneration.
   ^Fragile:  It will be destroyed if unequipped.
 W - a ring of protection from fire (right hand)
Wands
 y - a wand of charming (37)
 D - a wand of polymorph (30)
 E - a wand of light (13)
 K - a wand of flame (78)
 L - a wand of roots (32)
 Q - a wand of mindburst (12)
Scrolls
 k - 4 scrolls of vulnerability
 l - 4 scrolls of revelation
 q - 19 scrolls of teleportation
 r - 6 scrolls of poison
 t - 2 scrolls of brand weapon
 v - 2 scrolls of torment
 w - a scroll of fear
 J - a scroll of butterflies
 N - 4 scrolls of blinking
 O - a scroll of silence
 P - 7 scrolls of immolation
 R - 2 scrolls of fog
Potions
 a - 10 potions of ambrosia
 c - 9 potions of enlightenment
 f - 3 potions of heal wounds
 g - 16 potions of curing
 h - 2 potions of cancellation
 i - 8 potions of might
 m - 5 potions of lignification
 n - a potion of haste
 p - a potion of invisibility
 x - 2 potions of berserk rage
 B - 5 potions of brilliance
 G - 2 potions of resistance
 M - 4 potions of mutation
 S - a potion of magic
Miscellaneous
 A - a tin of tremorstones (2/2)


   Skills:
 - Level 24.4 Fighting
 + Level 15.3 Axes
 - Level 16.3 Ranged Weapons
 - Level 2.0 Throwing
 + Level 4.8 Armour
 - Level 14.3 Dodging


You had 18 spell levels left.
You didn't know any spells.
Your spell library contained the following spells:

 Spells                   Type           Power      Damage    Failure   Level
 Magic Dart               Conj           0%         1d3       100%        1
 Blink                    Tloc           0%         N/A       100%        2
 Call Imp                 Summ           0%         N/A       100%        2
 Scorch                   Fire           0%         2d5       100%        2
 Inner Flame              Hex/Fire       0%         N/A       100%        3
 Flame Wave               Conj/Fire      0%         2d4       100%        4
 Sticky Flame             Fire/Alch      0%         2d4       100%        4
 Vhi's Electric Charge    Tloc/Air       0%         N/A       100%        4
 Arcjolt                  Conj/Air       0%         1d10      100%        5
 Summon Forest            Summ/Tloc      0%         N/A       100%        5
 Summon Mana Viper        Hex/Summ       0%         N/A       100%        5
 Summon Cactus Giant      Summ           0%         N/A       100%        6
 Maxwell's Capacitive Co  Air            0%         ∞         100%        8


Dungeon Overview and Level Annotations

Branches:
Dungeon (15/15)            Temple (1/1) D:4            Lair (5/5) D:8
  Swamp (4/4) Lair:2        Snake (4/4) Lair:3        Slime (0/5) Lair:4
    Orc (2/2) D:10            Elf (2/3) Orc:2        Vaults (0/5) D:13
 Depths (0/4) D:15        Ossuary (visited)         Gauntlet (visited)

Altars:
Ashenzari
Cheibriados
Dithmenos
Fedhas
Gozag
Hepliaklqana
Kikubaaqudgha
Makhleb
Nemelex Xobeh
Okawaru
Qazlal
Ru
Sif Muna
Trog
Uskayaw
Vehumet
Wu Jian
Xom
Yredelemnul
Jiyva

Shops:
D:1 =   D:2 !   D:7 ***   D:10 *   Orc:2 :*[(   Snake:1 [   Snake:4 !

Portals:
Trove: D:14 (give 15 scrolls of teleportation)

Annotations:
D:3 2 transporters
D:10 1 runed translucent door, wildpjah's ghost, journeyman DsGl
D:11 3 runed translucent doors, Sirjeffry24's ghost, journeyman DsMo; croobank's ghost, journeyman DgFE
D:13 3 runed translucent doors, Lauc's ghost, journeyman VSFi
Lair:4 1 runed translucent door


Innate Abilities, Weirdness & Mutations

You have a pair of large horns on your head.
You are surrounded by a strong repulsion field. (EV +4, RMsl)
A powerful demonic guardian rushes to your aid.
Your demonic aura often causes spilled blood to erupt in flames.
Your hexes are more powerful.


Message History

Unknown command.
Unknown command.
You feel better. Something hits you!
* * * LOW HITPOINT WARNING * * *
You hear a bow twang.
An arrow appears from out of thin air!
The arrow hits you but does no damage.
The deep elf annihilator mumbles some strange words.
The deep elf annihilator blinks!
Something hits you.
* * * LOW HITPOINT WARNING * * *
The deep elf archer gestures at you while chanting.
You easily resist.
The deep elf zephyrmancer gestures wildly while chanting.
The deep elf zephyrmancer blinks!
Something hits you but does no damage.
You hear some strange, mumbled words.
A shard of ice appears from out of thin air!
The shard of ice is repelled.
The shard of ice misses the deep elf archer.
Unknown command.
As you read the scroll of fear, it crumbles to dust.
You assume a fearsome visage.
The deep elf zephyrmancer looks frightened!
The deep elf archer looks frightened!
Something closely misses you.
The deep elf archer mumbles some strange words.
The deep elf archer blinks!
The deep elf zephyrmancer mumbles some strange words.
The deep elf zephyrmancer blinks!
You hear some strange, mumbled words.
A shard of ice appears from out of thin air!
The shard of ice hits you!!
* * * LOW HITPOINT WARNING * * *
Unknown command.
You feel much better. Something hits you.
* * * LOW HITPOINT WARNING * * *
The deep elf archer gestures wildly while chanting.
The deep elf archer blinks!
Something hits you!
* * * LOW HITPOINT WARNING * * *
You hear some strange, mumbled words.
A shard of ice appears from out of thin air!
The shard of ice hits you!!!
You die...

.# #.# #.# .#
#.######.###
...)......
.#####...##..
.?....[$..#.#
..###.<).#.####<#
......()@)[.......
#.....[[○{..####.
.....§......#
.#...).#...........
##...###...#.##.#.
##.# ##.....# #..
........ #..
.........# ..
.......#..#


There were no monsters in sight!

Vanquished Creatures
  Vashnia (Snake:4)
  Rupert (D:15)
  A sphinx (D:15)
  A thorn hunter (Swamp:4)
  Gastronok (Lair:2)
  5 nagarajas
  Aizul (Swamp:3)
  The ghost of Hehag the Marksminotaur, a journeyman MiBe of Trog (D:15)
  A frost giant (D:15)
  Louise (Snake:4)
  An orc warlord (Orc:2)
  4 ghouls
  3 very ugly things
  5 eleionomae
  4 bunyips
  Azrael (D:14)
  3 ettins
  A minotaur (Gauntlet)
  2 green deaths (Swamp:4)
  A great orb of eyes (D:15)
  A deep elf high priest (Elf:2)
  2 shambling mangroves
  Erolcha (D:11)
  3 vault guards (D:13)
  13 hydras
  Josephine (D:15)
  2 hell beasts (Swamp:4)
  3 catoblepae (Lair:5)
  7 alligators
  3 ghost crabs
  3 centaur warriors (D:13)
  A death knight (D:12)
  6 anacondas
  6 two-headed ogres (D:15)
  A two-headed ogre (shapeshifter) (D:15)
  4 dancing weapons
  7 death yaks (Lair:5)
  10 naga sharpshooters
  3 boulder beetles
  8 orc high priests
  7 shock serpents
  12 naga warriors
  A shock serpent (shapeshifter) (Elf:1)
  Urug (Lair:2)
  Amaemon (Lair:1)
  6 deep elf knights
  A skeletal warrior (D:12)
  7 salamander mystics
  A skyshark (Lair:3)
  12 goliath frogs
  2 sixfirhies (Gauntlet)
  7 bog bodies
  5 deep elf archers (Elf:1)
  A phantasmal warrior (D:12)
  9 spriggan druids
  7 naga ritualists
  An orc knight (Orc:2)
  13 swamp dragons
  3 arcanists
  A lindwurm (Lair:5)
  A wolf spider (D:13)
  17 deep elf pyromancers
  12 ugly things
  15 deep elf zephyrmancers
  9 mana vipers
  6 orc sorcerers
  6 manticores
  7 cyclopes
  23 elephants
  9 guardian serpents
  12 salamanders
  6 will-o-the-wisps
  30 black mambas
  A salamander (shapeshifter) (D:13)
  A large abomination (Swamp:4)
  3 kobold blastminers (Orc:2)
  A meliai (shapeshifter) (Elf:1)
  8 naga magi
  A guardian serpent (shapeshifter) (D:13)
  A torpor snail (Lair:5)
  2 gargoyles (D:12)
  4 orange demons
  Maggie (Lair:2)
  2 freezing wraiths (D:14)
  4 rime drakes
  An unseen horror (D:13)
  9 cane toads
  7 komodo dragons
  An efreet (D:15)
  2 kobold demonologists (D:10)
  A queen bee (Lair:1)
  A troll (shapeshifter) (Elf:1)
  A bloated husk (Swamp:2)
  3 trolls
  A polar bear (shapeshifter) (Elf:1)
  A queen bee (shapeshifter) (D:13)
  2 polar bears
  Prince Ribbit (D:5)
  7 tyrant leeches
  A tarantella (shapeshifter) (D:13)
  22 blink frogs
  13 hornets
  6 dream sheep (Lair:3)
  8 spriggans
  21 slime creatures
  2 air elementals (Elf:1)
  A centaur simulacrum (D:13)
  69 yaks
  A water elemental (Elf:1)
  8 wraiths
  3 shadows
  A small abomination (Swamp:4)
  2 steam dragons
  8 basilisks
  A fire bat (D:12)
  6 wyverns
  A fire elemental (Elf:1)
  18 humans (D:13)
  6 wargs
  16 vampire mosquitoes
  A redback (shapeshifter) (D:14)
  34 nagas
  20 swamp worms
  A swamp worm (shapeshifter) (Elf:1)
  13 water moccasins
  An acid dragon (D:13)
  4 hell hounds (D:14)
  34 orc warriors
  3 swamp drakes
  3 sky beasts
  3 black bears
  An ice beast (D:8)
  4 ogres
  10 wolves
  12 centaurs
  A phantom (D:6)
  3 kobold brigands
  5 elf zombies (Ossuary)
  2 earth elementals (Elf:1)
  14 bullfrogs
  A necrophage (Swamp:4)
  A scorpion (D:6)
  8 wights
  25 killer bees
  4 howler monkeys
  A hound (D:6)
  A jelly (D:7)
  3 centaur zombies (Ossuary)
  18 orc priests
  2 human zombies (Ossuary)
  A gnoll bouda (D:6)
  A sleepcap (D:7)
  2 iguanas (D:5)
  15 orc wizards
  A hound zombie (D:4)
  3 mummies (Ossuary)
  13 gnolls
  6 adders
  2 shadow imps
  2 ufetubi (D:6)
  2 adder zombies (D:4)
  An adder skeleton (D:4)
  2 dart slugs
  A ribbon worm (D:4)
  61 orcs
  7 ball pythons
  10 bats
  7 endoplasms
  5 giant cockroaches
  4 goblins
  7 hobgoblins
  2 quokkas
  5 frilled lizards
  21 kobolds
  4 rats
1074 creatures vanquished.

Vanquished Creatures (collateral kills)
  A frost giant (D:13)
  A fenstrider witch (Swamp:1)
  2 ghouls (Swamp:2)
  A very ugly thing (Swamp:4)
  A great orb of eyes (Swamp:4)
  2 ghost crabs
  A boulder beetle (D:15)
  A two-headed ogre (D:9)
  An orc high priest (Elf:1)
  A naga sharpshooter (Snake:4)
  A deep elf knight (Elf:2)
  A skyshark (Lair:4)
  A salamander mystic (Snake:4)
  3 spriggans (Swamp:1)
  A deep elf pyromancer (Elf:1)
  2 salamanders (Snake:4)
  2 hornets (Swamp:1)
  A tyrant leech (Swamp:1)
  2 blink frogs (Lair:5)
  A slime creature (D:15)
  4 yaks
  Menkaure (D:7)
  An acid dragon (D:9)
  A swamp drake (Swamp:1)
  2 sky beasts
  3 orc warriors
  An elf zombie (Ossuary)
  An orc priest (Orc:1)
  A sleepcap (D:4)
  An orc wizard (Orc:2)
  2 gnolls (D:4)
  2 adders
  2 orcs (Orc:2)
  A kobold (D:4)
50 creatures vanquished.

Vanquished Creatures (others)
  A deep elf pyromancer (Elf:2)
  A deep elf zephyrmancer (Elf:2)
  A bloated husk (Swamp:2)
  A hornet (Swamp:1)
  A water moccasin (shapeshifter) (Elf:1)
  37 foxfires
42 creatures vanquished.

Grand Total: 1166 creatures vanquished

Notes
Turn   | Place    | Note
-------+----------+-------------------------------------------
     0 | D:1      | grandjackal the Demonspawn Gladiator began the quest for
                  | the Orb.
     0 | D:1      | Reached XP level 1. HP: 16/16 MP: 1/1
    50 | D:1      | Found Zaclairr's Jewellery Emporium.
   113 | D:1      | Gained mutation: A weak demonic guardian rushes to your
                  | aid. [demonic ancestry]
   113 | D:1      | Reached XP level 2. HP: 21/22 MP: 2/2
   239 | D:1      | Found a faded altar of an unknown god.
   523 | D:1      | Gained mutation: Your demonic aura sometimes causes spilled
                  | blood to erupt in flames. [demonic ancestry]
   523 | D:1      | Reached XP level 3. HP: 22/28 MP: 3/3
   853 | D:2      | Found Orretig's Distillery.
  1479 | D:3      | Found a blossoming altar of Fedhas.
  1482 | D:3      | Reached skill level 3 in Fighting
  1509 | D:2      | Gained mutation: You have a pair of small horns on your
                  | head. [demonic ancestry]
  1509 | D:2      | Reached XP level 4. HP: 21/35 MP: 4/4
  1998 | D:3      | Gained mutation: You are surrounded by a mild repulsion
                  | field. (EV +2) [demonic ancestry]
  1998 | D:3      | Reached XP level 5. HP: 11/42 MP: 5/5
  2155 | D:3      | Found a transporter.
  2416 | D:3      | Reached skill level 4 in Fighting
  2727 | D:3      | Found a transporter.
  2831 | D:4      | Found a burning altar of Makhleb.
  2831 | D:4      | Found a hazy altar of Hepliaklqana.
  2993 | D:4      | Gained mutation: Your demonic aura often causes spilled
                  | blood to erupt in flames. [demonic ancestry]
  2993 | D:4      | Reached XP level 6. HP: 49/49 MP: 6/6
  3062 | D:4      | Found a sand-covered staircase.
  3070 | Ossuary  | Entered an ossuary
  3117 | Ossuary  | Reached skill level 5 in Fighting
  3117 | Ossuary  | Reached skill level 5 in Axes
  3298 | Ossuary  | Gained mutation: A demonic guardian rushes to your aid.
                  | [demonic ancestry]
  3298 | Ossuary  | Reached XP level 7. HP: 38/56 MP: 7/7
  3441 | Ossuary  | Reached skill level 6 in Fighting
  3890 | D:4      | Found a staircase to the Ecumenical Temple.
  4030 | D:5      | Entered Level 5 of the Dungeon
  4036 | D:5      | Reached XP level 8. HP: 53/65 MP: 8/8
  4094 | D:5      | Found an iron altar of Okawaru.
  4303 | D:5      | Noticed Prince Ribbit
  4321 | D:5      | Killed Prince Ribbit
  4322 | D:5      | Reached skill level 7 in Fighting
  5513 | D:6      | Reached skill level 1 in Ranged Weapons
  5730 | D:6      | Reached skill level 8 in Fighting
  6030 | D:6      | Identified the +8 plate armour "Utarhaeq" {Int-4 Dex+5}
  6387 | D:7      | Noticed Menkaure
  6397 | D:7      | Killed Menkaure
  6541 | D:7      | Gained mutation: You have a pair of horns on your head.
                  | [demonic ancestry]
  6541 | D:7      | Reached XP level 9. HP: 75/75 MP: 9/9
  6632 | D:7      | Found Forat's Specific Store.
  6635 | D:7      | Found Rehusk's General Store.
  6760 | D:7      | Found a hide-covered altar of Uskayaw.
  6826 | D:7      | Found Gomoo's Gadget Gallery.
  6840 | D:7      | Identified the +1 war axe of Leux {freeze, *Noise rF+ Int+6
                  | SInv}
  7096 | D:7      | Reached skill level 9 in Fighting
  7282 | D:8      | Reached skill level 5 in Ranged Weapons
  7432 | D:8      | Found a basalt altar of Yredelemnul.
  7532 | D:8      | Reached skill level 10 in Fighting
  8029 | D:8      | Reached XP level 10. HP: 79/86 MP: 10/10
  8409 | D:8      | Reached skill level 11 in Fighting
  8586 | D:8      | Found a staircase to the Lair.
  8931 | D:1      | Bought the amulet "Hidashroe" {RegenMP ^Fragile rPois
                  | Regen+ Dex-4} for 360 gold pieces
  9082 | D:7      | Bought a +1 pair of boots for 172 gold pieces
  9176 | D:9      | Noticed a two-headed ogre
  9183 | D:9      | Killed a two-headed ogre
  9371 | D:9      | Noticed a boulder beetle
  9382 | D:9      | Reached skill level 12 in Fighting
  9406 | D:9      | Killed a boulder beetle
  9407 | D:9      | Gained mutation: You have a pair of large horns on your
                  | head. [demonic ancestry]
  9407 | D:9      | Reached XP level 11. HP: 53/95 MP: 11/11
  9825 | Temple   | Entered the Ecumenical Temple
  9842 | Temple   | Became a worshipper of Trog the Wrathful
  9984 | D:10     | Entered Level 10 of the Dungeon
 10206 | D:10     | Identified the +6 falchion "Appanuet" {freeze, rElec rF+
                  | rN+ Dex-3 SInv}
 10289 | D:10     | Found a staircase to the Orcish Mines.
 10313 | D:10     | Found a runed translucent door.
 10315 | D:10     | Noticed wildpjah's ghost (journeyman DsGl)
 10315 | D:10     | Noticed a centaur warrior
 10359 | D:10     | Identified the +5 plate armour of Icwinup {Will+ rCorr}
 10366 | D:10     | Noticed a boulder beetle
 10380 | D:10     | Found Mejai's General Store.
 10392 | D:10     | Killed a boulder beetle
 10686 | D:10     | Reached skill level 13 in Fighting
 10702 | D:10     | Noticed a soul eater
 10708 | D:10     | Reached skill level 10 in Ranged Weapons
 10709 | D:10     | Reached * piety under Trog
 11106 | D:11     | Noticed Erolcha
 11136 | D:11     | Killed Erolcha
 11457 | D:11     | Found a runed translucent gate.
 11457 | D:11     | Found a runed translucent gate.
 11457 | D:11     | Found a runed translucent gate.
 11464 | D:11     | Noticed Sirjeffry24's ghost (journeyman DsMo)
 11464 | D:11     | Noticed croobank's ghost (journeyman DgFE)
 11846 | D:12     | Noticed a green ugly thing
 11850 | D:12     | Killed a green ugly thing
 11862 | D:12     | Reached XP level 12. HP: 106/106 MP: 12/12
 11910 | D:12     | Reached skill level 14 in Fighting
 11978 | D:12     | Reached ** piety under Trog
 12408 | D:12     | Noticed a death knight
 12419 | D:12     | Killed a death knight
 12929 | Orc:1    | Entered Level 1 of the Orcish Mines
 13362 | Orc:2    | Entered Level 2 of the Orcish Mines
 13505 | Orc:2    | Reached *** piety under Trog
 13713 | Orc:2    | Reached skill level 15 in Fighting
 13866 | Orc:2    | Noticed an orc high priest
 13868 | Orc:2    | Found Ytaugega's Antique Weapon Shoppe.
 13901 | Orc:2    | Paralysed by an orc sorcerer for 2 turns
 13958 | Orc:1    | Killed an orc high priest
 13998 | Orc:2    | Noticed an orc high priest
 14004 | Orc:2    | Killed an orc high priest
 14073 | Orc:2    | Noticed an orc warlord
 14121 | Orc:2    | Killed an orc warlord
 14170 | Orc:2    | Noticed an orc high priest
 14206 | Orc:2    | Found Senorepp's Antique Armour Boutique.
 14240 | Orc:2    | Found a staircase to the Elven Halls.
 14243 | Orc:2    | Bought a pair of glowing boots for 202 gold pieces
 14249 | Orc:2    | Noticed an orc high priest
 14253 | Orc:2    | Killed an orc high priest
 14261 | Orc:2    | Reached XP level 13. HP: 116/116 MP: 13/13
 14261 | Orc:2    | Reached **** piety under Trog
 14485 | Orc:2    | Found Kulopuuh's General Store.
 14718 | Orc:2    | Found Myvemof's Book Boutique.
 15008 | Orc:1    | Reached skill level 16 in Fighting
 15293 | Lair:1   | Entered Level 1 of the Lair of Beasts
 15512 | Lair:1   | Noticed Amaemon
 15523 | Lair:1   | Killed Amaemon
 15658 | Lair:1   | Reached ***** piety under Trog
 16534 | Lair:2   | Noticed Maggie
 16550 | Lair:2   | Killed Maggie
 16665 | Lair:2   | Noticed Urug
 16672 | Lair:2   | Killed Urug
 17366 | Lair:2   | Noticed Gastronok
 17370 | Lair:2   | Reached skill level 17 in Fighting
 17387 | Lair:2   | Killed Gastronok
 17550 | Lair:2   | Found a staircase to the Swamp.
 17930 | Lair:3   | Gained mutation: A powerful demonic guardian rushes to your
                  | aid. [demonic ancestry]
 17930 | Lair:3   | Reached XP level 14. HP: 128/128 MP: 14/14
 18216 | Lair:3   | Reached skill level 15 in Ranged Weapons
 18326 | Lair:3   | Found a staircase to the Snake Pit.
 18372 | Lair:3   | Found the +8 demon blade "Leech" {evervamp, Harm ^Drain
                  | rN+}
 18451 | Lair:3   | Received a gift from Trog
 18947 | Lair:4   | Found a runed translucent door.
 18950 | Lair:4   | Found a viscous altar of Jiyva.
 18950 | Lair:4   | Noticed an acid blob
 18957 | Lair:4   | Reached skill level 18 in Fighting
 19077 | Lair:4   | Found a staircase to the Slime Pits.
 19365 | Lair:5   | Entered Level 5 of the Lair of Beasts
 19425 | Lair:5   | Reached ****** piety under Trog
 19481 | Lair:5   | Received a gift from Trog
 19501 | Lair:5   | Found a gate leading to a gauntlet.
 19518 | Gauntlet | Entered a Gauntlet
 19518 | Gauntlet | Found a transporter.
 19518 | Gauntlet | Found a transporter.
 19518 | Gauntlet | Found a transporter.
 19522 | Gauntlet | Found a transporter.
 19522 | Gauntlet | Found a transporter.
 19538 | Gauntlet | Found a transporter.
 19539 | Gauntlet | Found a transporter.
 19549 | Gauntlet | Found a transporter.
 19549 | Gauntlet | Found a transporter.
 19550 | Gauntlet | Found a transporter.
 19551 | Gauntlet | Found a transporter.
 19607 | Gauntlet | Found a transporter.
 19670 | Gauntlet | Identified the -1 pair of boots of Ytimny {Str+3 Dex+9
                  | Slay-3}
 19782 | Gauntlet | Identified the staff of the Unspeakable One {rN+ Necro
                  | Earth}
 19954 | Gauntlet | Identified the +9 orcbow of Ragnarok {heavy, Str+3 Dex+4}
 20325 | Lair:5   | Received a gift from Trog
 20330 | Lair:5   | Reached XP level 15. HP: 138/138 MP: 5/15
 20358 | Lair:5   | Reached skill level 19 in Fighting
 20462 | Lair:5   | Identified the +6 halberd of Actus Reus {freeze, rElec}
 20477 | Lair:5   | Identified a scroll of acquirement
 20477 | Lair:5   | Acquired a manual of Dodging
 21273 | D:13     | Found a runed translucent gate.
 21273 | D:13     | Found a runed translucent gate.
 21273 | D:13     | Found a runed translucent gate.
 21277 | D:13     | Noticed Lauc's ghost (journeyman VSFi)
 21655 | D:13     | Found a gate to the Vaults.
 21661 | D:13     | Reached skill level 5 in Dodging
 21679 | D:13     | Identified the +3 ring mail of Midwinter {Will+}
 21860 | D:13     | Identified the +3 great sword of Orb Guardian's Peril
                  | {flame, rPois rF- rN+ rCorr Dex+6} (Trog gifted it to you
                  | on level 13 of the Dungeon)
 21860 | D:13     | Received a gift from Trog
 22014 | D:13     | Noticed a frost giant
 22022 | D:13     | Killed a frost giant
 22044 | D:13     | Found the +5 glaive of the Guard {elec, spectral}
 22370 | D:14     | Identified the +2 robe of Qazlal's Generosity {rElec}
 22509 | D:14     | Found a portal to a secret trove of treasure.
 22890 | D:14     | Noticed Azrael
 22907 | D:14     | Killed Azrael
 23206 | D:15     | Entered Level 15 of the Dungeon
 23287 | D:15     | Identified the +7 giant club of Annoyance {freeze, Int+4}
 23287 | D:15     | Noticed a frost giant
 23288 | D:15     | Noticed Hehag's ghost (journeyman MiBe)
 23289 | D:15     | Found a transporter.
 23292 | D:15     | Found a transporter.
 23498 | D:15     | Noticed Josephine
 23505 | D:15     | Killed Josephine
 23656 | D:15     | Noticed Rupert
 23666 | D:15     | Killed Rupert
 23666 | D:15     | Received a gift from Trog
 23964 | D:15     | Gained mutation: Your hexes are more powerful. [demonic
                  | ancestry]
 23964 | D:15     | Reached XP level 16. HP: 148/148 MP: 16/16
 23968 | D:15     | Found a staircase to the Depths.
 24009 | D:15     | Noticed a sphinx
 24015 | D:15     | Killed a sphinx
 24078 | D:15     | Found a sparkling altar of Nemelex Xobeh.
 24262 | D:15     | Found a hazy altar of Hepliaklqana.
 24455 | D:15     | Reached skill level 20 in Fighting
 24759 | D:15     | Killed Hehag's ghost
 25146 | Swamp:1  | Entered Level 1 of the Swamp
 25233 | Swamp:1  | Reached skill level 10 in Dodging
 25412 | Swamp:1  | Reached skill level 10 in Axes
 26270 | Swamp:2  | Reached skill level 21 in Fighting
 26364 | Swamp:2  | Identified the +0 leather armour "Qiwnufel" {Rampage}
 26380 | Swamp:2  | Received a gift from Trog
 27130 | Swamp:3  | Identified the serpent talisman "Ricuul" {+Blink rF+ Str+2}
 27130 | Swamp:3  | Noticed Aizul
 27139 | Swamp:3  | Killed Aizul
 27528 | Swamp:3  | Gained mutation: You are surrounded by a moderate repulsion
                  | field. (EV +3) [demonic ancestry]
 27528 | Swamp:3  | Reached XP level 17. HP: 145/157 MP: 17/17
 27649 | Swamp:4  | Entered Level 4 of the Swamp
 27876 | Swamp:4  | Reached skill level 22 in Fighting
 28100 | Swamp:4  | Received a gift from Trog
 28859 | Swamp:4  | Got a decaying rune of Zot
 29129 | Snake:1  | Entered Level 1 of the Snake Pit
 29135 | Snake:1  | Received a gift from Trog
 29300 | Snake:1  | HP: 11/243 [shock serpent/electric aura (4)]
 29300 | Snake:1  | HP: 5/243 [naga warrior/+0 hand axe (7)]
 29302 | Snake:1  | Reached skill level 23 in Fighting
 29875 | Snake:1  | Found Atorghuyp's Armour Shoppe.
 29894 | Snake:1  | Bought the +2 pair of boots "Fueshrag" {Int+4} for 508 gold
                  | pieces
 30516 | Snake:3  | Reached XP level 18. HP: 119/172 MP: 18/18
 31115 | Snake:4  | Entered Level 4 of the Snake Pit
 31127 | Snake:4  | Found Olyo's Distillery.
 31131 | Snake:4  | Noticed Louise
 31138 | Snake:4  | Killed Louise
 31138 | Snake:4  | Received a gift from Trog
 31144 | Snake:4  | Bought a potion of resistance for 160 gold pieces
 31144 | Snake:4  | Bought 2 potions of heal wounds for 160 gold pieces
 31144 | Snake:4  | Bought a potion of might for 64 gold pieces
 31285 | Snake:4  | Found a hazy altar of Hepliaklqana.
 31943 | Snake:4  | Reached skill level 24 in Fighting
 32694 | Snake:4  | Noticed Vashnia
 32762 | Snake:4  | Killed Vashnia
 33083 | Snake:4  | Received a gift from Trog
 33104 | Snake:4  | Got a serpentine rune of Zot
 33618 | Elf:1    | Entered Level 1 of the Elven Halls
 33636 | Elf:1    | Reached skill level 1 in Armour
 34393 | Elf:1    | Reached skill level 15 in Axes
 34551 | Elf:1    | Gained mutation: You are surrounded by a strong repulsion
                  | field. (EV +4, RMsl) [demonic ancestry]
 34551 | Elf:1    | Reached XP level 19. HP: 103/182 MP: 19/19
 34908 | Elf:2    | Paralysed by an air elemental for 1 turns
 34911 | Elf:2    | Paralysed by an air elemental for 1 turns
 34947 | Elf:2    | Received a gift from Trog
 35217 | Elf:2    | Killed from afar by a deep elf knight

Illustrated notes

Levels and vault maps discovered:
D:1:      dpeg_arrival_renting, layout_loops_ring, serial_shops, shop,
          shapermc_ecumenical_altar_mp_urbaneastern
D:2:      layout_loops_ring, serial_shops, nicolae_shop_hallway_stairs,
          basic_altar, nrook_loot_triangle
D:3:      gammafunk_wand_slinger, layout_basic, fedhas_altar_3, minivault_14,
          nicolae_houndstooth_variations
D:4:      layout_rooms, jmf_multi_god_temple, grunt_temple_overflow_open,
          minmay_temple_entry_proselytizer,
          mainiacjoe_ossuary_entry_find_the_door
D:5:      layout_layer_cave, okawaru_trees_2, uniq_prince_ribbit1
D:6:      layout_loops_ring, minivault_10
D:7:      layout_basic, nicolae_uskayaw_murder_on_the_dancefloor,
          nicolae_specific_store, nicolae_shop_gadgets, uniq_menkaure
D:8:      layout_basic, mainiacjoe_overflow_24_doors, erik_lair_dragon,
          minmay_gold_behind_fungi, kb_lookout_dungeons_type
D:9:      minmay_distorted_concentric_squares, layout_rooms
D:10:     layout_loops_corners, david_orc_2, ebering_ghost_inner_flame,
          serial_shops, shop
D:11:     layout_cave_pools, gammafunk_ghost_cemetery, minivault_19,
          uniq_erolcha
D:12:     layout_irregular_city
D:13:     minmay_guarded_unrand_guard, layout_basic, grunt_vaults_entry_tiered,
          ebering_ghost_rock_garden
D:14:     layout_grid_maze, enter_trove_0, amcnicky_mini_pool_small,
          kennysheep_generic_room_13, uniq_azrael
D:15:     gammafunk_enter_depths_forms, layout_grid_maze,
          nemelex_spade_bored_becter, gammafunk_ghost_smash,
          worldfamousw_hep_ancestral_shrine, uniq_josephine, uniq_rupert
Temple:   jpeg_temple_clearing
Lair:1:   layout_small_grid, special_room [special_room_bee], lemuel_fruit_tree,
          uniq_amaemon
Lair:2:   layout_cave_pods, mainiacjoe_swamp_entry_angry_trees,
          grunt_megastairs_5, uniq_maggie, uniq_gastronok, uniq_urug
Lair:3:   layout_long_grid, minmay_snake_entry_spellcaster,
          dreamdust_deal_with_the_devil, grunt_megastairs_1
Lair:4:   layout_hall_layers, slime_entry_2, infiniplex_staircase_pool_2
Lair:5:   evilmike_catoblepas_cave, layout_loops_ring, gauntlet_entry_generic,
          grunt_megastairs_2
Swamp:1:  layout_falls_marsh, evilmike_swamp_ruin_rubble_2
Swamp:2:  nzn_winding_woodlands_medium [nzn_winding_woodlands_5x5_default,
          nzn_winding_woodlands_5x15_jagged, nzn_winding_woodlands_5x5_cross,
          nzn_winding_woodlands_5x5_three, nzn_winding_woodlands_center_lodge,
          nzn_winding_woodlands_5x5_closed_star,
          nzn_winding_woodlands_hourglass, nzn_winding_woodlands_5x15_pockets,
          nzn_winding_woodlands_5x5_default], layout_basic_swamp,
          nicolae_swamp_rocky_clearing, swamp_pool_4, st_swamp_ruins_2,
          infiniplex_staircase_pool
Swamp:3:  layout_basic_swamp, evilmike_swamp_ruin_house_4, uniq_aizul
Swamp:4:  swamp_vile, layout_basic_swamp
Snake:1:  layout_basic, serial_shops, nicolae_shop_tiny_glass
Snake:2:  layout_grid_maze
Snake:3:  layout_basic
Snake:4:  johnstein_snake_rune_scales, layout_chambers, serial_shops,
          nicolae_shop_stone, basic_altar, uniq_louise
Orc:1:    layout_caves
Orc:2:    grunt_orc_gardens, layout_caves, grunt_orc_garden, grunt_orc_garden,
          grunt_orc_garden, grunt_orc_garden
Elf:1:    nicolae_elf_arrival_no_cutting_in_line, layout_geoelf_octagon,
          nicolae_elf_shapeshifter_party
Elf:2:    elven_hall_of_blades_hangedman_original
          [nicolae_blade_entry_diamond_columns], layout_rooms, serial_shops,
          shop

Skill      XL: |  1  2  3  4  5  6  7  8  9 10 11 12 13 14 15 16 17 18 19 |
---------------+----------------------------------------------------------+-----
Throwing       | 2 |  2.0
Dodging        | 3 8 12 14 | 14.3
Axes           | 3 4 5 6 7 9 11 13 15 | 15.3
Fighting       | 3 4 5 6 8 10 12 13 15 17 18 19 21 23 24 | 24.4
Ranged Weapons | 3 6 8 11 12 14 16 | 16.3
Armour         | 3 4 |  4.8

Action                     |  1- 3 |  4- 6 |  7- 9 | 10-12 | 13-15 | 16-18 | 19-21 || total
---------------------------+-------+-------+-------+-------+-------+-------+-------++-------
  Melee: War axe           |   122 |   169 |   276 |   298 |       |       |       ||   865
         Headbutt          |       |    37 |    60 |   107 |   111 |    50 |     3 ||   368
         Punch             |       |     1 |     2 |     3 |       |       |       ||     6
         Battleaxe         |       |       |       |    78 |   344 |       |       ||   422
         Executioner's axe |       |       |       |       |    61 |   182 |    21 ||   264
         Unarmed           |       |       |       |       |     1 |       |       ||     1
   Fire: Orcbow            |       |       |       |   221 |   542 |   838 |    19 ||  1620
  Throw: Javelin           |       |    13 |       |       |       |       |       ||    13
         Throwing net      |       |     1 |       |       |       |       |       ||     1
 Invoke: Berserk           |       |       |       |     4 |     6 |     6 |       ||    16
  Evoke: Wand              |       |       |       |     2 |       |       |       ||     2
    Use: Potion            |       |     1 |       |     4 |       |     2 |     4 ||    11
         Scroll            |       |       |       |    10 |    18 |     5 |     1 ||    34
   Stab: Distracted        |       |     1 |       |     4 |       |     1 |       ||     6
 Armour: Leather armour    |    82 |    33 |       |       |       |       |       ||   115
         Ring mail         |       |    87 |   108 |       |       |       |       ||   195
         Plate armour      |       |       |   108 |   621 |   961 |   815 |    90 ||  2595
  Dodge: Dodged            |   121 |   101 |   163 |   262 |   384 |   576 |    76 ||  1683
         Repelled          |       |       |       |       |       |       |    12 ||    12

Table legend: (Time is in decaauts)
 A = Elapsed time spent in this place.
 B = Non-inter-level travel time spent in this place.
 C = Inter-level travel time spent in this place.
 D = Time resting spent in this place.
 E = Time spent auto-exploring this place.
 F = Levels seen in this place.
 G = Mean time per level.
                   A        B        C        D        E       F      G
               +--------+--------+--------+--------+--------+-----+--------+
         Total |  37037 |  34303 |   2734 |   7210 |  18737 |  35 | 1058.2 |
       Dungeon |  17310 |  15566 |   1744 |   2895 |   9510 |  15 | 1154.0 |
        Temple |     33 |     17 |     16 |      0 |      0 |   1 |   33.0 |
          Lair |   6000 |   5530 |    470 |    684 |   3536 |   5 | 1200.0 |
         Swamp |   4155 |   4031 |    124 |    942 |   2000 |   4 | 1038.8 |
     Snake Pit |   4529 |   4312 |    217 |   1123 |   2115 |   4 | 1132.2 |
  Orcish Mines |   2219 |   2083 |    136 |    474 |    822 |   2 | 1109.5 |
   Elven Halls |   1723 |   1699 |     24 |    561 |    740 |   2 |  861.5 |
       Ossuary |    585 |    585 |      0 |    325 |     13 |   1 |  585.0 |
      Gauntlet |    478 |    478 |      0 |    205 |      0 |   1 |  478.0 |
               +--------+--------+--------+--------+--------+-----+--------+

Top non-repeatable levels by time:
 Snake:4: 2170 daAuts
     D:8: 1902 daAuts
  Lair:2: 1883 daAuts
    D:15: 1733 daAuts
   Elf:1: 1640 daAuts
   Orc:2: 1573 daAuts
    D:10: 1567 daAuts
     D:5: 1486 daAuts
 Swamp:4: 1404 daAuts
 Swamp:2: 1294 daAuts
     D:2: 1240 daAuts
  Lair:1: 1219 daAuts
    D:12: 1200 daAuts
     D:6: 1186 daAuts
  Lair:5: 1182 daAuts
